 Dungeon Crawl Stone Soup version 0.28-a0-1493-g08698888e4 (webtiles) character file.

Game seed: 3909265896355143399

1 iamoutofideas the Chopper (level 1, 21/23 HPs)
             Began as a Gnoll Berserker on Jan 12, 2022.
             Was a Follower of Trog.
             Quit the game on level 1 of the Dungeon.
             The game lasted 00:00:29 (58 turns).

iamoutofideas the Chopper (Gnoll Berserker)           Turns: 58, Time: 00:00:29

Health: 21/23      AC:  2    Str: 16    XL:     1   Next: 20%
Magic:  1/1        EV: 13    Int:  6    God:    Trog [*.....]
Gold:   14         SH:  0    Dex: 11    Spells: 0/0 levels left

rFire   . . .      SeeInvis .   a - +0 hand axe
rCold   . . .      Faith    .   (no shield)
rNeg    . . .      Spirit   .   b - +0 animal skin
rPois   .          Reflect  .   (no helmet)
rElec   .          Harm     .   (no cloak)
rCorr   .          Rampage  .   (no gloves)
Will    +....                   (no boots)
Stlth   +.........              (no amulet)
HPRegen 0.07/turn               c - ring of willpower
MPRegen 0.07/turn               (no ring)

@: no status effects
A: fangs 1, strong nose, distributed training
a: Renounce Religion, Berserk


You were on level 1 of the Dungeon.
You worshipped Trog.
Trog was aware of your devotion.
You visited 1 branch of the dungeon, and saw 1 of its levels.

You collected 14 gold pieces.

Inventory:

Hand Weapons
 a - a +0 hand axe (weapon)
Armour
 b - a +0 animal skin (worn)
Jewellery
 c - a ring of willpower (left hand)


   Skills:
 + Level 6.4 Fighting
 + Level 0.0 Short Blades
 + Level 0.0 Long Blades
 + Level 6.4 Axes
 + Level 0.0 Maces & Flails
 + Level 0.0 Polearms
 + Level 0.0 Staves
 + Level 0.0 Slings
 + Level 0.0 Bows
 + Level 0.0 Crossbows
 + Level 0.0 Throwing
 + Level 4.4 Armour
 + Level 4.4 Dodging
 + Level 0.0 Stealth
 + Level 0.0 Shields
 + Level 0.0 Unarmed Combat
 + Level 0.0 Spellcasting
 + Level 0.0 Conjurations
 + Level 0.0 Hexes
 + Level 0.0 Summonings
 + Level 0.0 Necromancy
 + Level 0.0 Translocations
 + Level 0.0 Transmutations
 + Level 0.0 Fire Magic
 + Level 0.0 Ice Magic
 + Level 0.0 Air Magic
 + Level 0.0 Earth Magic
 + Level 0.0 Poison Magic
 + Level 0.0 Invocations
 + Level 0.0 Evocations


You couldn't memorise any spells.
You didn't know any spells.
Your spell library was empty.

Dungeon Overview and Level Annotations

Branches:
Dungeon (1/15)

Altars:


Innate Abilities, Weirdness & Mutations

You have very sharp teeth.
Your uncanny sense of smell can sniff out nearby items.
Your experience applies equally to all skills.


Message History

The bat barely misses you.
A bat is nearby!
You miss the bat. The bat misses you.
A bat is nearby!
A bat is nearby!
The bat misses you. The bat hits you. x2
You miss the bat. The bat hits you but does no damage. The bat hits you.
You see here 17 gold pieces.
Found a brass ring.
The bat closely misses you.
You hit the bat. You bite the bat, but do no damage.
The bat is moderately wounded.
The bat hits you but does no damage. The bat barely misses you.
The bat hits you but does no damage. The bat hits you.
Found 14 gold pieces and a chain mail.
The bat barely misses you. x2
You closely miss the bat. The bat misses you.
The bat hits you but does no damage. x2
The bat closely misses you. The bat closely misses you.
You barely miss the bat. You bite the bat, but do no damage.
The bat closely misses you. The bat hits you but does no damage.
The bat closely misses you.
You barely miss the bat. The bat misses you.
The bat hits you but does no damage.
You closely miss the bat. The bat hits you but does no damage.
The bat closely misses you. The bat barely misses you.
You slash the bat!
You kill the bat!
Trog accepts your kill.
No target in view!
No target in view!
No target in view!
c - a ring of willpower You now have 14 gold pieces.
c - a ring of willpower (left hand) Are you sure you want to abandon this character and quit the game? (Confirm with "yes".)

.. #.#
##.### #.
.... #.
#..#
#..##.[#
#..#...# #
#..#.#@#.#
#........##
#.........#
#.##.##.#.#
# #.##.#.#
#....# #
#.#..# #
#.##.#..#.#
#....$....#


There were no monsters in sight!

Vanquished Creatures
  A bat (D:1)
1 creature vanquished.

Notes
Turn   | Place    | Note
-------+----------+-------------------------------------------
     0 | D:1      | iamoutofideas the Gnoll Berserker began the quest for the
                  | Orb.
     0 | D:1      | Reached XP level 1. HP: 23/23 MP: 1/1
    58 | D:1      | Quit the game

Illustrated notes

Levels and vault maps discovered:
D:1:      mushboom_english_gardens, layout_loops_cross, kennysheep_crisscross

Action                   || total
-------------------------++-------
Melee: Hand axe          ||     8
       Bite              ||     2
Armor: Animal skin       ||     8
Dodge: Dodged            ||    15

Table legend: (Time is in decaauts)
 A = Elapsed time spent in this place.
 B = Non-inter-level travel time spent in this place.
 C = Inter-level travel time spent in this place.
 D = Time resting spent in this place.
 E = Time spent auto-exploring this place.
 F = Levels seen in this place.
 G = Mean time per level.
                   A        B        C        D        E       F      G
               +--------+--------+--------+--------+--------+-----+--------+
         Total |     57 |     57 |      0 |      0 |     27 |   1 |   57.0 |
       Dungeon |     57 |     57 |      0 |      0 |     27 |   1 |   57.0 |
               +--------+--------+--------+--------+--------+-----+--------+

Top non-repeatable levels by time:
     D:1: 57 daAuts
